 Dungeon Crawl Stone Soup version 0.20-a0-839-gdaf5c57 (webtiles) character file.

144 dvd the Insei (level 5, 0/33 HPs)
             Began as an Octopode Transmuter on Mar 8, 2017.
             Succumbed to an adder's poison
             ... on level 2 of the Dungeon.
             The game lasted 00:04:03 (1773 turns).

dvd the Insei (Octopode Transmuter)                 Turns: 1773, Time: 00:04:04

Health: 0/33       AC:  2    Str: 10    XL:     5   Next: 27%
Magic:  7/9        EV: 23    Int: 15    God:
Gold:   43         SH:  0    Dex: 18    Spells: 5/9 levels left

rFire    . . .     SeeInvis .     - Unarmed
rCold    + . .     Gourm    .   (shield currently unavailable)
rNeg     . . .     Faith    .   (helmet currently unavailable)
rPois    x         Spirit   .   (no amulet)
rElec    .         Reflect  .   d - ring of protection from cold
rCorr    .         Harm     .   j - +3 ring of evasion (curse)
MR       .....                  (no ring)
Stlth    ++........             (no ring)
Regen    0.2/turn               (no ring)
MPRegen  0.2/turn               (no ring)
                                (no ring)
                                (no ring)

@: lethally poisoned (0 -> -9), spider-form (expiring)
A: almost no armour, stealthy swim, (amphibious), 8 rings, (constrict 8),
(camouflage 0), (gelatinous body 0)
a: End Transformation


You were on level 2 of the Dungeon.
You were very hungry.
You were a venomous arachnid creature.
You visited 1 branch of the dungeon, and saw 3 of its levels.

You collected 43 gold pieces.

Inventory:

Missiles
 a - 27 arrows
Jewellery
 d - a ring of protection from cold (left front leg)
 j - a cursed +3 ring of evasion (right front leg)
Scrolls
 e - 2 scrolls of identify {unknown}
 f - a scroll of remove curse {unknown}
 h - a scroll of immolation {unknown}
Potions
 i - a potion of haste {unknown}
Books
 b - a book of Changes

   Spells                             Type                      Level
   a - Beastly Appendage              Transmutation                1
   b - Sticks to Snakes               Transmutation                2
   c - Spider Form                    Transmutation/Poison         3
   d - Ice Form                       Ice/Transmutation            4
   e - Blade Hands                    Transmutation                5
Comestibles
 c - a bread ration
 g - 2 royal jellies


   Skills:
 + Level 1.0 Fighting
 + Level 2.4 Dodging
 + Level 2.3 Stealth
 + Level 4.0 Unarmed Combat
 + Level 2.9 Spellcasting
 + Level 3.0 Transmutations


You had 5 spell levels left.
You knew the following spells:

 Your Spells              Type           Power        Failure   Level  Hunger
a - Beastly Appendage     Tmut           ##....       21%         1    #......
b - Spider Form           Tmut/Pois      #.........   56%         3    ###....


Dungeon Overview and Level Annotations

Branches:
Dungeon (3/15)

Altars:


Innate Abilities, Weirdness & Mutations

You cannot wear most types of armour.
You are very stealthy in the water. (Stealth+)
((You are amphibious.))
You can wear up to eight rings at the same time.
((You can use your tentacles to constrict eight enemies at once.))
((Your skin changes colour to match your surroundings (Stealth+).))
((Your rubbery body absorbs attacks. (AC +1, EV +1)))


Message History

A goblin comes into view. It is wielding a club.
The goblin shouts!
You bite the orc!
You kill the orc!
The orc misses you.
The orc priest looks satisfied for a moment.
You hit the orc.
The orc looks as sick as possible!
The orc is severely wounded.
You kill the orc!
The adder misses you.
You barely miss the adder. The adder closely misses you. The adder bites you.
You are poisoned.
The adder poisons you!
The orc priest invokes the aid of Beogh against you.
Beogh smites you!
* * * LOW HITPOINT WARNING * * *
You climb upwards.
Your transformation is almost over.
You die...

....#.#######.#
###.#.......#.#
#.#..####.#.# #.#..#
#.#.####### #.#..#
#.#.......# #.#..#
#.#######.# ###.#..#
#.........#
....#..##############
..............oSs#
......############
.###### .# .# .# .#
.# .#


You could see an adder and an orc.

Vanquished Creatures
  An orc wizard (D:2)
  Natasha (twice) (D:2)
  3 adders
  A worm (D:2)
  3 dart slugs (D:1)
  2 leopard geckos
  2 orcs (D:3)
  A giant cockroach (D:2)
  6 goblins
  2 hobgoblins
  3 bats
  3 frilled lizards (D:1)
  2 kobolds (D:1)
31 creatures vanquished.

Notes
Turn   | Place    | Note
-------+----------+-------------------------------------------
     0 | D:1      | dvd the Octopode Transmuter began the quest for the Orb.
     0 | D:1      | Reached XP level 1. HP: 13/13 MP: 3/3
   133 | D:1      | Reached XP level 2. HP: 15/18 MP: 3/5
   764 | D:2      | Reached XP level 3. HP: 23/23 MP: 4/6
  1043 | D:2      | Reached skill level 1 in Stealth
  1134 | D:2      | Noticed Natasha
  1144 | D:2      | Killed Natasha
  1144 | D:2      | Reached XP level 4. HP: 24/28 MP: 4/7
  1190 | D:2      | Noticed Natasha
  1194 | D:2      | Killed Natasha
  1357 | D:2      | Learned a level 3 spell: Spider Form
  1671 | D:2      | Reached skill level 4 in Unarmed Combat
  1671 | D:2      | Reached XP level 5. HP: 26/33 MP: 5/9
  1773 | D:2      | Succumbed to an adder's poison

Vault maps used:
D:1:      dpeg_arrival_radiant
D:2:      serial_corexii_hall, corexii_hall_statues_x, corexii_hall_statues_i,
          uniq_natasha
D:3:      first_bread

Skill      XL: |  1  2  3  4  5 |
---------------+----------------+-----
Stealth        | 1 2 |  2.3
Unarmed Combat | 4 |  4.0
Transmutations | 3 |  3.0
Fighting       | |  1.0
Dodging        | |  2.4
Spellcasting   | |  2.9

Action                   |  1- 3 |  4- 6 || total
-------------------------+-------+-------++-------
Melee: Unarmed           |    55 |    31 ||    86
       Constrict         |    15 |     3 ||    18
       Tentacles         |    10 |     3 ||    13
       Kick              |    14 |     1 ||    15
       Punch             |       |     1 ||     1
 Cast: Beastly Appendage |    16 |     4 ||    20
       Spider Form       |       |     2 ||     2
  Use: Potion            |     1 |       ||     1
 Stab: Sleeping          |     3 |     2 ||     5
  Eat: Chunk             |       |     2 ||     2
Armor: Skin              |     2 |       ||     2
Dodge: Dodged            |    35 |    19 ||    54
